 Dungeon Crawl Stone Soup version 0.20.0-15-g7f486f2 (webtiles) character file.

226 Letos the Cudgeler (level 6, 0/37 HPs)
             Began as a Gargoyle Fighter on June 11, 2017.
             Slain by Duvessa
             ... wielding a +0 short sword
              (1 damage)
             ... on level 3 of the Dungeon.
             The game lasted 00:04:05 (2614 turns).

Letos the Cudgeler (Gargoyle Fighter)               Turns: 2614, Time: 00:04:05

Health: 0/37       AC: 12    Str: 20    XL:     6   Next: 1%
Magic:  6/6        EV:  9    Int:  8    God:
Gold:   90         SH:  4    Dex: 11    Spells: 5/5 levels left

rFire    . . .     SeeInvis .   w - -1 morningstar (curse)
rCold    . . .     Gourm    .   u - +0 buckler
rNeg     + . .     Faith    .   b - +0 scale mail
rPois    ∞         Spirit   .   (no helmet)
rElec    +         Reflect  .   (no cloak)
rCorr    .         Harm     +   p - +0 pair of gloves
MR       .....                  (no boots)
Stlth    ..........             r - amulet of harm
Regen    0.2/turn               (no ring)
MPRegen  0.1/turn               (no ring)

@: flying (expiring), glowing
A: negative energy resistance 1, electricity resistance, unbreathing,
petrification resistance, rot immunity, AC +4
a: no special abilities


You were on level 3 of the Dungeon.
You were not hungry.

You visited 1 branch of the dungeon, and saw 4 of its levels.

You collected 90 gold pieces.

Inventory:

Hand Weapons
 a - a +0 flail
 d - a +1 flail of holy wrath
 w - a cursed -1 morningstar (weapon)
Armour
 b - a +0 scale mail (worn)
 c - a +0 shield
 p - a +0 pair of gloves (worn)
 u - a +0 buckler (worn)
Jewellery
 r - an amulet of harm (around neck)
Wands
 j - a wand of flame (25/48)
Scrolls
 e - 5 scrolls of identify
 f - a scroll of fear
 k - a scroll of amnesia
 l - a scroll of enchant armour {unknown}
 n - a scroll of enchant weapon {unknown}
 o - a scroll of remove curse {unknown}
 s - 2 scrolls of teleportation
Potions
 h - a potion of mutation
Comestibles
 m - 2 meat rations
 q - 3 fruits
 t - 2 bread rations
 x - a royal jelly


   Skills:
 - Level 3.2 Fighting
 * Level 6.0 Maces & Flails
 - Level 3.2 Armour
 + Level 3.4 Shields


You had 5 spell levels left.
You didn't know any spells.

Dungeon Overview and Level Annotations

Branches:
Dungeon (4/15)
 Temple: D:4-7

Altars:
Hepliaklqana
Nemelex Xobeh
Xom

Annotations:
D:3 Dowan, Duvessa


Innate Abilities, Weirdness & Mutations

You are resistant to torment.
Your stone body is resilient. (AC +4)
You are immune to poison.
You resist negative energy. (rN+)
You are resistant to electric shocks. (rElec)
You can survive without breathing.
You are immune to petrification.
You are immune to rotting.


Message History

Dowan points at you and mumbles some strange words.
The puff of frost hits you!
* * * LOW HITPOINT WARNING * * *
You block Duvessa's attack.
You closely miss Dowan.
You are starting to lose your buoyancy.
Dowan points at you and mumbles some strange words.
You are outlined in light.
Duvessa hits you but does no damage.
You puncture Dowan!
Dowan is almost dead.
Dowan points at you and mumbles some strange words.
The puff of flame hits you! Duvessa barely misses you.
You barely miss Dowan.
Dowan is almost dead.
Dowan hits you but does no damage. Duvessa hits you with a short sword.
* * * LOW HITPOINT WARNING * * *
You miss Dowan.
Dowan is almost dead.
You block Dowan's attack. Duvessa hits you with a short sword.
You die...

##### ##...##
####.....###################
......>.........@e.........#
####.....####..e##.###.###.######
##............>.....# #.......
####.####...##.##..# ######## #.#
######.##..# ## #.# #..##..#
.#######.# #.###..#
.##......########.#....#
..#.###..##............#


You could see Duvessa and Dowan.

Vanquished Creatures
  An orc wizard (D:3)
  Jessica (D:3)
  4 gnolls (D:3)
  5 adders
  A worm (D:2)
  3 leopard geckos
  3 orcs (D:3)
  2 ball pythons
  10 bats
  7 giant cockroaches
  9 goblins
  11 hobgoblins
  2 jackals (D:1)
  7 kobolds
  A quokka (D:3)
  4 frilled lizards
  10 rats
81 creatures vanquished.

Notes
Turn   | Place    | Note
-------+----------+-------------------------------------------
     0 | D:1      | Letos the Gargoyle Fighter began the quest for the Orb.
     0 | D:1      | Reached XP level 1. HP: 14/14 MP: 1/1
   163 | D:1      | Reached XP level 2. HP: 19/19 MP: 2/2
   355 | D:1      | Reached skill level 3 in Maces & Flails
   536 | D:1      | Reached XP level 3. HP: 23/23 MP: 3/3
   706 | D:2      | Found a hazy altar of Hepliaklqana.
   791 | D:2      | Found a shimmering altar of Xom.
   931 | D:2      | Reached skill level 4 in Maces & Flails
   931 | D:2      | Reached XP level 4. HP: 24/28 MP: 4/4
  1575 | D:3      | Noticed Jessica
  1595 | D:3      | Killed Jessica
  1595 | D:3      | Reached skill level 5 in Maces & Flails
  1595 | D:3      | Reached XP level 5. HP: 16/32 MP: 5/5
  1969 | D:3      | Found a sparkling altar of Nemelex Xobeh.
  2232 | D:3      | Found a faded altar of an unknown god.
  2553 | D:4      | Reached XP level 6. HP: 37/37 MP: 6/6
  2584 | D:4      | Noticed Dowan
  2585 | D:4      | Noticed Duvessa
  2594 | D:4      | HP: 1/37 [iguana (9)]
  2606 | D:3      | Reached skill level 6 in Maces & Flails
  2613 | D:3      | HP: 1/37 [Duvessa/short sword (6)]
  2614 | D:3      | Slain by Duvessa

Skill      XL: |  1  2  3  4  5  6 |
---------------+-------------------+-----
Maces & Flails | 3 4 5 6 |  6.0
Fighting       | |  3.2
Armour         | |  3.2
Shields        | |  3.4

Action                   |  1- 3 |  4- 6 || total
-------------------------+-------+-------++-------
Melee: Flail             |   121 |   163 ||   284
       Morningstar       |       |    19 ||    19
  Use: Potion            |       |     3 ||     3
       Scroll            |       |     5 ||     5
  Eat: Chunk             |       |     2 ||     2
       Bread ration      |       |     1 ||     1
Armor: Scale mail        |    80 |   150 ||   230
Dodge: Dodged            |    77 |   124 ||   201
Block: Buckler           |       |    15 ||    15
